Map: Romanticide LE

Players

Rob - Winner!

  • Race: Protoss Protoss

PiLiPiLi

  • Race: Protoss Protoss

Event: DreamHack SC2 Masters 2021 Fall

VOD

Have the link to the VOD?

Description

Time

  • Played on: Aug. 4, 2021, 5:04 p.m.
  • Length: 13:17

All games in this series

Show
View Real Time Build Order
Export as new Build Order

Rob Protoss - Winner!

Build Orders:  

Get SALT Encoding   

  12  0:00  Probe  
  13  0:12  Probe  
  14  0:24  Probe  
  15  0:39  Pylon  
  15  0:57  Forge  
  15  0:59  Gateway  
  15  1:00  Gateway  
  15  1:29  Pylon  
  15  1:30  Pylon  
  15  1:31  Pylon  
  15  1:47  Photon Cannon, Zealot x2 (Chrono Boost)  
  19  2:05  Zealot x2  
  23  2:09  Probe (Chrono Boost)  
  24  2:19  Probe (Chrono Boost)  
  24  2:32  Pylon  
  24  2:34  Assimilator  
  24  2:47  Probe  
  24  2:50  Cybernetics Core  
  23  2:54  Assimilator  
  23  3:00  Probe  
  24  3:12  Probe  
  23  3:24  Probe  
  23  3:26  Adept (Chrono Boost)  
  28  3:36  Adept (Chrono Boost), Probe  
  29  3:48  Probe  
  29  3:54  Adept  
  30  3:59  Warp Gate (Chrono Boost)  
  30  4:00  Stargate, Probe  
  29  4:09  Shield Battery  
  29  4:12  Probe  
  30  4:20  Pylon  
  30  4:25  Probe  
  31  4:35  Gateway  
  31  4:39  Void Ray  
  34  4:56  Pylon  
  34  5:03  Gateway  
  34  5:05  Gateway  
  33  5:16  Void Ray (Chrono Boost)  
  35  5:46  Void Ray, Probe  
  36  5:50  Stalker  
  36  5:51  Stalker  
  36  5:52  Zealot  
  42  6:10  Stalker x2  
  44  6:21  Stalker  
  44  6:23  Pylon  
  46  6:32  Stalker  
  46  6:48  Stalker  
  46  6:49  Stalker  
  50  7:06  Stalker  
  53  7:23  Stalker  
  50  7:44  Adept x2, Stalker  
  32  8:13  Adept x2  
  34  8:37  Adept  
  34  8:38  Adept  
  34  8:41  Stalker x2  
  40  8:46  Adept  
  38  9:04  Twilight Council  
  38  9:26  Nexus  
  37  9:44  Blink (Chrono Boost)  
  35  9:53  Stalker  
  35  9:54  Sentry x2  
  39  10:08  Probe  
  40  10:17  Stalker  
  40  10:19  Sentry  
  44  10:28  Phoenix  
  44  10:47  Cybernetics Core  
  44  10:48  Probe  
  44  10:49  Pylon, Probe  
  46  11:08  Zealot x3  
  40  11:30  Stalker x3  
  32  11:54  Stalker x2  
  30  12:17  Stalker  
  30  12:18  Stalker  
  30  12:28  Probe x2  
  30  12:31  Stalker  
  30  12:46  Probe x2 (Chrono Boost)  
  30  12:56  Stalker x2  
  30  12:58  Probe x2 (Chrono Boost)  
  36  13:03  Probe (Chrono Boost)  
Show
View Real Time Build Order
Export as new Build Order

PiLiPiLi Protoss 

Build Orders:  

Get SALT Encoding   

  12  0:00  Probe  
  13  0:12  Probe  
  14  0:17  Pylon  
  14  0:25  Probe (Chrono Boost)  
  15  0:37  Gateway, Probe (Chrono Boost)  
  16  0:45  Probe (Chrono Boost)  
  16  0:47  Assimilator  
  17  0:51  Probe  
  18  0:59  Assimilator  
  18  1:03  Probe (Chrono Boost)  
  19  1:08  Gateway  
  19  1:15  Probe (Chrono Boost)  
  20  1:22  Forge  
  20  1:32  Zealot  
  22  1:39  Pylon  
  22  1:55  Photon Cannon  
  22  2:02  Photon Cannon  
  21  2:29  Zealot  
  23  2:36  Pylon  
  23  2:37  Cybernetics Core  
  23  2:50  Pylon  
  23  3:08  Zealot (Chrono Boost)  
  24  3:33  Stalker (Chrono Boost)  
  24  3:37  Warp Gate  
  26  3:42  Probe  
  24  3:57  Probe  
  24  3:59  Pylon  
  25  4:10  Probe  
  25  4:11  Pylon  
  26  4:25  Pylon  
  26  4:30  Probe (Chrono Boost)  
  27  4:34  Stargate  
  27  4:41  Pylon, Probe (Chrono Boost)  
  26  4:46  Probe (Chrono Boost)  
  26  4:50  Shield Battery  
  27  4:58  Probe  
  24  5:04  Shield Battery  
  24  5:13  Gateway  
  24  5:17  Oracle (Chrono Boost)  
  27  5:30  Stalker  
  27  5:31  Stalker  
  29  5:57  Stalker x2  
  35  6:17  Phoenix (Chrono Boost)  
  35  6:23  Stalker x2  
  35  6:24  Stalker  
  35  6:36  Shield Battery  
  33  6:50  Phoenix  
  35  6:56  Stalker  
  37  7:01  Stalker  
  39  7:23  Pylon  
  39  7:27  Gateway  
  35  7:41  Phoenix  
  33  7:44  Sentry  
  33  7:50  Gateway  
  35  7:52  Cybernetics Core  
  28  8:17  Probe  
  29  8:23  Stalker x2  
  32  8:30  Probe (Chrono Boost)  
  29  8:42  Probe (Chrono Boost)  
  29  8:50  Stalker x2, Probe (Chrono Boost)  
  32  9:00  Probe  
  33  9:12  Probe  
  34  9:19  Sentry  
  34  9:23  Stalker  
  38  9:24  Probe  
  39  9:42  Probe  
  39  9:52  Pylon  
  36  9:54  Probe  
  37  10:10  Stalker  
  37  10:12  Sentry x2  
  43  10:18  Probe  
  44  10:31  Pylon  
  44  10:54  Stalker x2  
  44  10:56  Stalker  
  43  11:26  Stalker x2  
  43  11:38  Stalker  
  33  11:55  Sentry  
  31  12:10  Stalker  
  25  12:34  Stalker x2  
  29  12:41  Stalker  
  23  12:58  Stalker  

Tags
 
Add a new tag
Caveats
  • Supply blocks, unpowered buildings, or Contaminate may cause inaccurate times.
  • Supply counts are checked every 10 seconds.